 Dungeon Crawl Stone Soup version 0.28.0-45-g0d030f2227 (webtiles) character file.

Game seed: 5146978466156392156

37 NinjaNoafa the Sneak (level 3, -6/22 HPs)
             Began as a Kobold Brigand on Apr 2, 2022.
             Mangled by a gnoll
             ... wielding a +1 flail of protection
              (12 damage)
             ... on level 2 of the Dungeon.
             The game lasted 00:06:23 (1885 turns).

NinjaNoafa the Sneak (Kobold Brigand)               Turns: 1885, Time: 00:06:26

Health: -6/22      AC:  3    Str:  8    XL:     3   Next: 62%
Magic:  3/3        EV: 15    Int: 12    God:
Gold:   79         SH:  0    Dex: 18    Spells: 2/2 levels left

rFire   . . .      SeeInvis .   m - +2 short sword (distort)
rCold   . . .      Faith    .   (no shield)
rNeg    . . .      Spirit   .   b - +0 robe
rPois   .          Reflect  .   (no helmet)
rElec   .          Harm     .   c - +0 cloak
rCorr   .          Rampage  .   (no gloves)
Will    .....                   (no boots)
Stlth   ++++......              (no amulet)
HPRegen 0.07/turn               (no ring)
MPRegen 0.08/turn               (no ring)

@: no status effects
A: small, no large weapons, nightstalker 3
a: no special abilities


You were on level 2 of the Dungeon.
You visited 1 branch of the dungeon, and saw 2 of its levels.

You collected 79 gold pieces.

Inventory:

Hand Weapons
 a - a +2 dagger
 m - a +2 short sword of distortion (weapon)
Missiles
 d - 7 poisoned darts (quivered)
 e - 2 curare-tipped darts
Armour
 b - a +0 robe (worn)
 c - a +0 cloak (worn)
Scrolls
 f - a scroll of noise {unknown}
 h - a scroll of immolation {unknown}
 i - 2 scrolls of fog {unknown}
 k - a scroll of holy word {unknown}
 l - a scroll of enchant weapon {unknown}


   Skills:
 - Level 2.5 Fighting
 + Level 3.2 Short Blades
 - Level 0.2(1.1) Long Blades
 - Level 2.5 Throwing
 + Level 2.0 Dodging
 + Level 5.7 Stealth
 * Level 0.0 Spellcasting
 * Level 0.0 Transmutations


You had 2 spell levels left.
You didn't know any spells.
Your spell library contained the following spells:

 Spells                   Type           Power      Damage    Failure   Level
 Ensorcelled Hibernation  Hex/Ice        0%         N/A       45%         2
 Passwall                 Tmut/Erth      0%         N/A       45%         2
 Swiftness                Air            0%         N/A       69%         3


Dungeon Overview and Level Annotations

Branches:
Dungeon (2/15)

Altars:


Innate Abilities, Weirdness & Mutations

You are small and have problems with some larger weapons.
You are completely attuned to the shadows.


Message History

Okay, then.
Okay, then.
Unknown command.
The helpless endoplasm fails to defend itself.
You impale the endoplasm!!
You kill the endoplasm!
You start waiting.
Done waiting.
Okay, then.
Found a stone staircase leading down.
Found a stone staircase leading up.
There is a stone staircase leading up here.
Found a runed short sword.
A gnoll comes into view.
It is wielding a +1 flail of protection.
You see here a +2 short sword of distortion.
m - a +2 short sword of distortion
Okay, then.
Okay, then.
Space warps around you for a moment!
m - a +2 short sword of distortion (weapon)
Okay, then.
A gnoll comes into view. It is wielding a +0 halberd.
A gnoll comes into view. It is wielding a +0 club.
The gnoll shouts! x2
A gnoll comes into view. It is wielding a +0 club.
The gnoll shouts! x2
You hit the gnoll but do no damage.
Space warps around the gnoll.
The gnoll is moderately wounded.
The gnoll hits you from afar with a +0 halberd!
It was a potion of curing.
You feel better.
The gnoll hits you with a +1 flail of protection!
The gnoll barely misses you.
As you read the scroll labelled CAEGHY CYTHROC, it crumbles to dust.
Your body is wracked with pain!
* * * LOW HITPOINT WARNING * * *
The gnoll convulses! x4; It was a scroll of torment.
The gnoll barely misses you.
The gnoll hits you with a +1 flail of protection!
Ouch! That really hurt!
You die...

######## #....... #.......
#....# #....... ##....# #.......
#....g# #....... .#...gg#
#....... .....g@### ####.......
##.......####..........
#......#....#.##.....##
#.....#..#..######............
#........##..##..<....##.##.#..
..........##...#.########.##.#..
#..........#....#.# #..##.#..
#..........#.#....# ###.###.###
#..........#.#..### #...# #.#


You could see 4 gnolls.

Vanquished Creatures
  An adder (D:2)
  3 endoplasms
  2 giant cockroaches
  4 hobgoblins
  7 ball pythons (D:1)
  2 bats (D:1)
  6 goblins (D:1)
  2 kobolds (D:1)
  A rat (D:1)
28 creatures vanquished.

Notes
Turn   | Place    | Note
-------+----------+-------------------------------------------
     0 | D:1      | NinjaNoafa the Kobold Brigand began the quest for the Orb.
     0 | D:1      | Reached XP level 1. HP: 12/12 MP: 1/1
   268 | D:1      | Reached XP level 2. HP: 18/18 MP: 2/2
   683 | D:1      | Reached XP level 3. HP: 10/22 MP: 3/3
  1125 | D:2      | HP: 1/22 [worm (6)]
  1885 | D:2      | Mangled by a gnoll

Illustrated notes

Levels and vault maps discovered:
D:1:      dpeg_arrival_rooms_with_view, layout_rooms
D:2:      layout_rooms

Skill      XL: |  1  2  3 |
---------------+----------+-----
Short Blades   | 3 |  3.2
Dodging        | 2 |  2.0
Fighting       | |  2.5
Long Blades    | |  0.2
Throwing       | |  2.5
Stealth        | |  5.7

Action                   || total
-------------------------++-------
Melee: Dagger            ||    88
       Short sword       ||     1
Throw: Dart              ||    12
  Use: Potion            ||     2
       Scroll            ||     1
 Stab: Sleeping          ||    11
Armor: Robe              ||    17
Dodge: Dodged            ||    56
